 Dungeon Crawl Stone Soup version 0.20.0-10-g0535bb4 (webtiles) character file.

74 sagitran the Sneak (level 4, -6/21 HPs)
             Began as a Vine Stalker Enchanter on June 7, 2017.
             Mangled by a hornet zombie (8 damage)
             ... on level 3 of the Dungeon.
             The game lasted 01:03:55 (1405 turns).

sagitran the Sneak (Vine Stalker Enchanter)         Turns: 1405, Time: 01:03:55

Health: -6/21      AC:  3    Str: 10      XL:     4   Next: 28%
Magic:  0/8        EV: 12    Int: 14 (16) God:
Gold:   80         SH:  0    Dex: 13 (15) Spells: 2/8 levels left

rFire    . . .     SeeInvis .   a - +2 dagger
rCold    . . .     Gourm    .   (no shield)
rNeg     . . .     Faith    .   b - +0 robe
rPois    .         Spirit   +   m - +0 helmet
rElec    .         Reflect  .   (no cloak)
rCorr    +         Harm     .   (no gloves)
MR       .....                  (no boots)
Stlth    +++.......             (no amulet)
Regen    0.5/turn               g - ring of resist corrosion
MPRegen  0.2/turn               (no ring)

@: no status effects
A: fangs 2, regeneration 1, magic shield, antimagic bite, no potion heal 3, rot
immunity
a: no special abilities


You were on level 3 of the Dungeon.
You were not hungry.

You visited 1 branch of the dungeon, and saw 3 of its levels.

You collected 80 gold pieces.

Inventory:

Hand Weapons
 a - a +2 dagger (weapon)
Missiles
 j - 35 sling bullets (quivered)
Armour
 b - a +0 robe (worn)
 m - a +0 helmet (worn)
Jewellery
 g - a ring of resist corrosion (left hand)
Scrolls
 i - a scroll of remove curse
Potions
 h - a potion of resistance
Books
 c - a book of Maledictions

   Spells                             Type                      Level
   a - Corona                         Hexes                        1
   b - Ensorcelled Hibernation        Hexes/Ice                    2
   c - Confuse                        Hexes                        3
   d - Tukima's Dance                 Hexes                        3
   e - Dazzling Spray                 Conjuration/Hexes            3
Comestibles
 d - 3 bread rations
 f - 5 chunks of flesh
 k - a fruit
 n - a royal jelly
 o - a meat ration


   Skills:
 + Level 0.1 Fighting
 + Level 1.4 Short Blades
 + Level 0.2 Armour
 + Level 1.8 Dodging
 + Level 4.3 Stealth
 + Level 2.6 Spellcasting
 + Level 0.2 Conjurations
 + Level 3.6 Hexes
 + Level 0.2 Ice Magic


You had 2 spell levels left.
You knew the following spells:

 Your Spells              Type           Power        Failure   Level  Hunger
a - Corona                Hex            ##.....      4%          1    #......
b - Ensorcelled Hibernat  Hex/Ice        #.....       16%         2    ###....
c - Dazzling Spray        Conj/Hex       #.....       30%         3    ###....


Dungeon Overview and Level Annotations

Branches:
Dungeon (3/15)

Altars:
Elyvilon


Innate Abilities, Weirdness & Mutations

You have extremely sharp teeth.
Your natural rate of healing is unusually fast.
When hurt, damage is shared between your health and your magic reserves.
Your bite disrupts and absorbs the magic of your enemies.
Potions cannot restore your health.
You are immune to rotting.


Message History

The hornet zombie is moderately damaged.
The hornet zombie hits you.
You hit the hornet zombie.
The hornet zombie is moderately damaged.
The hornet zombie closely misses you.
You hit the hornet zombie but do no damage.
The hornet zombie is moderately damaged.
The hornet zombie stops glowing.
The hornet zombie closely misses you.
You hit the hornet zombie but do no damage.
The hornet zombie is moderately damaged.
The hornet zombie hits you!
* * * LOW HITPOINT WARNING * * *
The hornet zombie barely misses you.
You closely miss the hornet zombie. You bite the hornet zombie.
You drain its power.
You feel invigorated.
The hornet zombie is heavily damaged.
The hornet zombie hits you.
* * * LOW HITPOINT WARNING * * *
The hornet zombie hits you!
You die...

#.....# #.....#
#!....####
#.....##.. #
#.....##.# #.
##.#.....##.# #.
.........##.# #.
##.....Z.##.######
#.
.......@.........#
#.
.#........#.####.#
#. #.######.#....#
#. #.#
#.........###.#
#.. #.<
#.........# # #..
#.. #..)......#
#...#..
#.#......##
#...#.. #.#.####.#
#...... #.#.# ###
#####.#


You could see a hornet zombie.

Vanquished Creatures
  2 adders
  An ooze (D:1)
  2 worms (D:2)
  A dart slug (D:1)
  2 leopard geckos
  2 bats (D:1)
  4 giant cockroaches
  5 goblins
  5 hobgoblins
  A ball python (D:1)
  3 frilled lizards
  8 kobolds
  6 rats
42 creatures vanquished.

Notes
Turn   | Place    | Note
-------+----------+-------------------------------------------
     0 | D:1      | sagitran the Vine Stalker Enchanter began the quest for the Orb.
     0 | D:1      | Reached XP level 1. HP: 9/9 MP: 4/4
   150 | D:1      | Reached skill level 4 in Stealth
   150 | D:1      | Reached XP level 2. HP: 5/13 MP: 6/6
   178 | D:1      | Reached skill level 1 in Short Blades
   227 | D:1      | Learned a level 2 spell: Ensorcelled Hibernation
   489 | D:1      | Reached XP level 3. HP: 8/16 MP: 4/7
   514 | D:1      | Learned a level 3 spell: Dazzling Spray
   903 | D:2      | Found a white marble altar of Elyvilon.
  1154 | D:2      | Gained mutation: Your natural rate of healing is unusually fast. [Vine Stalker growth]
  1154 | D:2      | Reached XP level 4. HP: 9/21 MP: 5/8
  1402 | D:3      | HP: 1/21 [hornet zombie (7)]
  1405 | D:3      | Mangled by a hornet zombie

Skill      XL: |  1  2 |
---------------+-------+-----
Stealth        | 4 |  4.3
Short Blades   | 1 |  1.4
Fighting       | |  0.1
Armour         | |  0.2
Dodging        | |  1.8
Spellcasting   | |  2.6
Conjurations   | |  0.2
Hexes          | |  3.6
Ice Magic      | |  0.2

Action                   |  1- 3 |  4- 6 || total
-------------------------+-------+-------++-------
Melee: Dagger            |   122 |    25 ||   147
       Bite              |    30 |     9 ||    39
       Spear             |       |    12 ||    12
Throw: Stone             |     6 |       ||     6
 Cast: Corona            |     8 |     1 ||     9
       Ensorcelled Hiber |     6 |       ||     6
       Dazzling Spray    |     4 |     1 ||     5
  Use: Scroll            |     7 |     2 ||     9
       Potion            |     4 |     1 ||     5
 Stab: Sleeping          |     6 |     3 ||     9
  Eat: Chunk             |     2 |     1 ||     3
Armor: Robe              |    12 |     5 ||    17
       Leather armour    |    18 |       ||    18
Dodge: Dodged            |    66 |    28 ||    94
